 Dungeon Crawl Stone Soup version 0.19.5 (webtiles) character file.

65 Reinor the Vexing (level 3, -4/24 HPs)
             Began as a Vampire Enchanter on Mar 27, 2017.
             Slain by Natasha (10 damage)
             ... on level 3 of the Dungeon.
             The game lasted 00:07:24 (1891 turns).

Reinor the Vexing (Vampire Enchanter)               Turns: 1891, Time: 00:07:25

Health: -4/24      AC:  3    Str:  7    XL:     3   Next: 94%
Magic:  0/6        EV: 15    Int: 18    God:
Gold:   172        SH:  0    Dex: 14    Spells: 3 memorised, 0 levels left

rFire  . . .     SeeInvis +     a - +1 dagger
rCold  + . .     Gourm    .     b - +1 robe
rNeg   + + .     Faith    .     (no shield)
rPois  +         Spirit   .     (no helmet)
rElec  .         Reflect  .     (no cloak)
rCorr  .         Harm     .     (no gloves)
MR     .....                    (no boots)
Stlth  ++++......               (no amulet)
                                (no ring)
                                q - +3 ring of evasion

@: very slightly contaminated, regenerating slowly, hasted, very quick
A: fangs 3, see invisible, unbreathing
a: Bat Form


You were on level 3 of the Dungeon.
You were thirsty.

You visited 1 branch of the dungeon, and saw 3 of its levels.

You collected 172 gold pieces.

Inventory:

Hand Weapons
 a - a +1 dagger (weapon)
 h - a +4 dagger
Missiles
 f - 103 stones (quivered)
 j - a throwing net
Armour
 b - a +1 robe (worn)
Jewellery
 q - a +3 ring of evasion (left hand)
Wands
 k - a wand of slowing (34/48)
 n - a wand of flame (48/48)
Scrolls
 l - 2 scrolls of identify
 s - a scroll of remove curse
Potions
 d - 17 potions of blood
 g - a potion of invisibility {unknown}
 i - a potion of brilliance {unknown}
 p - 2 potions of mutation
 r - a potion of curing {unknown}
Books
 c - a book of Maledictions

   Spells                             Type                      Level
   a - Corona                         Hexes                        1
   b - Ensorcelled Hibernation        Hexes/Ice                    2
   c - Confuse                        Hexes                        3
   d - Tukima's Dance                 Hexes                        3
   e - Dazzling Spray                 Conjuration/Hexes            3


   Skills:
 + Level 2.7 Short Blades
 - Level 2.1 Dodging
 + Level 5.3 Stealth
 - Level 2.0 Spellcasting
 + Level 5.4 Hexes


You couldn't memorise any spells.
You knew the following spells:

 Your Spells              Type           Power        Failure   Level  Hunger
a - Corona                Hex            ###....      1%          1    #......
b - Ensorcelled Hibernat  Hex/Ice        ##....       12%         2    ###....
c - Confuse               Hex            ###.....     10%         3    ###....


Dungeon Overview and Level Annotations

Branches:
Dungeon (3/15)

Altars:
Hepliaklqana
Nemelex Xobeh
Ru
Vehumet
Xom
Yredelemnul
Zin

Annotations:
D:3 Natasha, Sigmund


Innate Abilities, Weirdness & Mutations

You heal slowly.
You have razor-sharp teeth.
You have supernaturally acute eyesight. (SInv)
You can survive without breathing.


Message History

Natasha is lightly wounded.
Natasha completely misses you.
You hit Natasha but do no damage.
Natasha is lightly wounded.
You hear the slow rusting of a drain nearby.
Natasha claws you but does no damage.
It was a potion of haste.
You feel yourself speed up.
Natasha wildly gestures.
Natasha glows brightly for a moment.
Natasha barely misses you.
You are very lightly contaminated with residual magic.
You miss Natasha.
Natasha is lightly wounded.
Natasha misses you.
You hit Natasha. You bite Natasha, but do no damage.
Natasha is moderately wounded.
You hit Natasha but do no damage.
Natasha is moderately wounded.
Natasha claws you!
You die...

###########.#.##**,*
*,*
.).............,,,,*
*,*
....###...#.#.#*****
*,* ....###...#.#.#
****,*
..........#[..#
*,,,,*
.......####...#
*,**** .......#
#..># *,*
.......####.#.#####
*,*
............#..h@.#
*,*
###....##########.#
*,*********** ######
*.# *,,,,*,≈≈≈≈,≈
*.# *,**,,*******
*.# *,*****,≈≈≈≈*
*.# *,* *≈*****, *.#
*,* *,**≈∩*, *.# *,*
*≈*≈***≈ *,* *,*
*,**≈≈≈,


You could see Natasha.

Vanquished Creatures
  An adder (D:2)
  An ooze (D:1)
  3 dart slugs
  2 leopard geckos
  2 ball pythons
  2 bats
  5 giant cockroaches
  2 goblins (D:2)
  2 hobgoblins
  3 jackals (D:1)
  5 kobolds
  2 frilled lizards
  14 rats
44 creatures vanquished.

Notes
Turn   | Place    | Note
-------+----------+-------------------------------------------
     0 | D:1      | Reinor the Vampire Enchanter began the quest for the Orb.
     0 | D:1      | Reached XP level 1. HP: 13/13 MP: 3/3
   329 | D:1      | Reached XP level 2. HP: 19/19 MP: 5/5
   336 | D:1      | Learned a level 2 spell: Ensorcelled Hibernation
   662 | D:1      | Reached XP level 3. HP: 23/24 MP: 6/6
  1235 | D:2      | Reached skill level 5 in Hexes
  1253 | D:2      | Found a sacrificial altar of Ru.
  1258 | D:2      | Reached skill level 5 in Stealth
  1516 | D:2      | Found a glowing silver altar of Zin.
  1516 | D:2      | Found a radiant altar of Vehumet.
  1517 | D:2      | Found a hazy altar of Hepliaklqana.
  1518 | D:2      | Found a shimmering altar of Xom.
  1519 | D:2      | Found a basalt altar of Yredelemnul.
  1520 | D:2      | Found a sparkling altar of Nemelex Xobeh.
  1653 | D:2      | Learned a level 3 spell: Confuse
  1868 | D:3      | Noticed Natasha
  1873 | D:3      | Noticed Sigmund
  1891 | D:3      | Slain by Natasha

Skill      XL: |  1  2  3 |
---------------+----------+-----
Short Blades   | 2 |  2.7
Hexes          | 5 |  5.4
Stealth        | 5 |  5.3
Dodging        | |  2.1
Spellcasting   | |  2.0

Action                   || total
-------------------------++-------
Melee: Dagger            ||   143
       Bite              ||     9
 Cast: Ensorcelled Hiber ||     3
  Use: Scroll            ||     6
       Potion            ||     2
 Stab: Sleeping          ||    19
Armor: Robe              ||    20
Dodge: Dodged            ||    72
